Map: Tours du crépuscule

Players

Stromie - Winner!

  • Race: Protoss Protoss
  • League: Silver
  • Spawn Location: 1:00

zidar

  • Race: Zerg Zerg
  • League: Silver
  • Spawn Location: 7:00

VOD

Have the link to the VOD?

Description

Time

  • Played on: Dec. 10, 2015, 10:29 a.m.
  • Length: 3:19
Show
View Real Time Build Order
Export as new Build Order

Stromie Protoss - Winner!

Build Orders:  

Get SALT Encoding   

  12  0:02  Probe (Chrono Boost)  
  13  0:16  Probe (Chrono Boost)  
  13  0:20  Pylon  
  14  0:27  Probe (Chrono Boost)  
  15  0:42  Forge  
  15  0:44  Probe (Chrono Boost)  
  16  0:55  Probe (Chrono Boost)  
  17  1:05  Pylon  
  17  1:07  Probe (Chrono Boost)  
  18  1:13  Gateway  
  18  1:18  Probe (Chrono Boost)  
  19  1:29  Probe (Chrono Boost)  
  19  1:30  Pylon  
  20  1:41  Photon Cannon  
  20  1:52  Photon Cannon  
  20  1:56  Pylon  
  19  2:14  Pylon  
  19  2:24  Probe (Chrono Boost), Cybernetics Core, Assimilator  
  20  2:34  Probe (Chrono Boost)  
  20  2:35  Photon Cannon  
  21  2:45  Probe (Chrono Boost)  
  21  2:47  Photon Cannon  
  22  3:00  Photon Cannon  
  22  3:17  Photon Cannon  
Show
View Real Time Build Order
Export as new Build Order

zidar Zerg 

Build Orders: Hatch First 

Get SALT Encoding   

  12  0:01  Drone  
  13  0:12  Overlord  
  13  0:22  Drone  
  13  0:28  Extractor, Drone  
  15  0:36  Drone x2  
  17  1:04  Hatchery  
  17  1:05  Drone  
  17  1:22  Spawning Pool  
  16  1:28  Drone  
  16  1:31  Extractor, Drone  
  18  1:32  Drone  
  17  2:17  Zergling x6  
  17  2:19  Queen  
  17  2:22  Queen  
Tags
 
Add a new tag
Caveats
  • Supply blocks, unpowered buildings, or Contaminate may cause inaccurate times.
  • Supply counts are checked every 10 seconds.